 Dungeon Crawl Stone Soup version 0.32-a0-913-g739538afd8 (webtiles) character file.

Game seed: 3090932275588830089

296 ezpacito the Trooper (level 6, -1/48 HPs)
             Began as a Coglin Chaos Knight on Apr 9, 2024.
             Was a Plaything of Xom.
             Succumbed to a scorpion's poison
             ... on level 4 of the Dungeon.
             The game lasted 00:02:53 (2041 turns).

ezpacito the Trooper (Coglin Chaos Knight)          Turns: 2041, Time: 00:02:54

Health: -1/48      AC:  3    Str: 17    XL:     6   Next: 34%
Magic:  7/7        EV: 11    Int: 11    God:    Xom [..*...]
Gold:   215        SH:  0    Dex: 14    Spells: 7/7 levels left

rFire   . . .        a - +0 hand axe (chaos) {Narong}
rCold   . . .        l - +1 whip (drain) {Minjun}
rNeg    . . .        m - +1 robe "Jelueq" {Str+3}
rPois   .            (no helmet)
rElec   .            (no cloak)
rCorr   .            (no gloves)
SInv    .            (no boots)
Will    .....        (amulet unavailable)
Stlth   ++           (ring unavailable)
HPRegen 0.28/turn    (ring unavailable)
MPRegen 0.10/turn    (no gizmo)

%: no passive effects
@: lethally poisoned (-1 -> -20), revved
A: off-hand wielding, slow wielding, warmup strikes, no jewellery
a: Invent Gizmo, Renounce Religion


You were on level 4 of the Dungeon.
You worshipped Xom.
You were a toy of Xom.
You visited 1 branch of the dungeon, and saw 4 of its levels.

You collected 215 gold pieces.

Inventory:

Hand Weapons
 a - a +0 hand axe of chaos (weapon) {Narong}
 l - a +1 whip of draining (offhand) {Minjun}
 o - a +0 spear
Armour
 k - a +0 plate armour
 m - the +1 robe "Jelueq" (worn) {Str+3}
   (You found it on level 2 of the Dungeon)

   Str+3:     It affects your strength (+3).
Magical Staves
 d - a staff of conjuration
 j - a staff of fire
Scrolls
 b - a scroll of torment {unknown}
 n - a scroll of enchant armour {unknown}
 p - a scroll of enchant weapon {unknown}
 q - a scroll of revelation {unknown}
Potions
 e - a potion of brilliance
 f - a potion of lignification
 g - 2 potions of mutation
 h - 2 potions of haste
 r - a potion of enlightenment {unknown}


   Skills:
 * Level 4.0 Fighting
 * Level 3.8(4.1) Axes
 * Level 1.7(2.8) Polearms
 * Level 2.7 Armour
 * Level 2.2 Dodging
 + Level 1.2 Stealth
 + Level 1.0 Spellcasting
 + Level 1.8 Evocations


You had 7 spell levels left.
You didn't know any spells.
Your spell library contained the following spells:

 Spells                   Type           Power      Damage    Failure   Level
 Passwall                 Erth           0%         N/A       67%         3
 Tukima's Dance           Hex            0%         N/A       67%         3
 Volatile Blastmotes      Fire/Tloc      0%         2d10      67%         3
 Passage of Golubria      Tloc           0%         N/A       97%         4
 Vhi's Electric Charge    Tloc/Air       0%         N/A       97%         4
 Yara's Violent Unravell  Hex/Alch       0%         3d3       100%        5
 Bombard                  Conj/Erth      0%         9d1       100%        6


Dungeon Overview and Level Annotations

Branches:
Dungeon (4/15)
 Temple: D:4-7

Altars:


Innate Abilities, Weirdness & Mutations

You can wield a second weapon in your off-hand.
It takes a long time for you to wield or remove held weapons.
Your first few attacks do less damage.
You cannot equip rings or amulets.


Message History

Your Spellcasting skill increases to level 1!
You have reached level 6!
You regained 3 hp, and now have 21/48 hp.
MP restored: 7 You hit the scorpion but do no damage.
You slash the scorpion with your +0 hand axe of chaos!
The scorpion seems to grow stronger.
Xom thinks this is hilarious!
The scorpion closely misses you.
You closely miss the scorpion with your +0 hand axe of chaos.
The scorpion is heavily wounded.
You hit the scorpion but do no damage.
Xom's attention almost turns to you for a moment.
Your whip spins!
The scorpion closely misses you.
You hit the scorpion with your +0 hand axe of chaos.
You burn the scorpion.
The scorpion is severely wounded.
You closely miss the scorpion with your +1 whip of draining.
The scorpion stings you.
You are poisoned.
The scorpion poisons you! The scorpion stings you!
* * * LOW HITPOINT WARNING * * *
You are more poisoned.
The scorpion poisons you!
You take 12 damage, and have 10/48 hp.
MASSIVE DAMAGE!!
You hit the scorpion but do no damage.
The scorpion is severely wounded.
You closely miss the scorpion with your +0 hand axe of chaos.
* * * LOW HITPOINT WARNING * * *
You feel very sick.
The scorpion stings you but does no damage.
You take 6 damage, and have 4/48 hp.
Okay, then.
Okay, then.
As you read the scroll of butterflies, it crumbles to dust.
You hear the flapping of tiny wings.
The ball python is knocked back by the sudden gust.
The scorpion is knocked back by the sudden gust.
You die...
Xom chuckles heartily!

#......# #.####
###..## #.# #.# #b#
..#####.### ∆ ∆
...>..bbb.# .
.#.####b#..)... ..#
#b####### .... #@#
.### #s# .# #S# .#
#K# .# .# ... .# ∆
.# ... .### .# ...
...######.#####..#.
)............[..


You could see a scorpion (strong, ally target), a ball python and a kobold.

Vanquished Creatures
  A black bear (D:4)
  A scorpion (D:3)
  4 gnolls (D:4)
  An adder (D:4)
  A ribbon worm (D:3)
  2 dart slugs
  5 orcs
  10 ball pythons
  10 endoplasms
  10 goblins
  7 hobgoblins
  A jackal (D:3)
  3 quokkas
  10 bats
  A frilled lizard (D:3)
  4 kobolds
  6 rats
77 creatures vanquished.

Vanquished Creatures (others)
  A jackal (D:3)
1 creature vanquished.

Grand Total: 78 creatures vanquished

Notes
Turn   | Place    | Note
-------+----------+-------------------------------------------
     0 | D:1      | ezpacito the Coglin Chaos Knight began the quest for the
                  | Orb.
     0 | D:1      | Reached XP level 1. HP: 18/18 MP: 1/1
     5 | D:1      | XOM: silly message
    67 | D:1      | Reached skill level 1 in Dodging
    70 | D:1      | Reached XP level 2. HP: 24/24 MP: 2/2
   441 | D:1      | XOM: noise
   559 | D:1      | Reached XP level 3. HP: 29/29 MP: 3/3
   676 | D:1      | XOM: cloud trail
   912 | D:2      | Reached skill level 1 in Evocations
   985 | D:2      | Identified the +1 robe "Jelueq" {Str+3}
  1139 | D:2      | Found a faded altar of an unknown god.
  1309 | D:3      | Reached XP level 4. HP: 35/35 MP: 4/4
  1358 | D:3      | XOM: 1-stop teleportation journey
  1507 | D:3      | Noticed a scorpion
  1516 | D:3      | Killed a scorpion
  1517 | D:3      | Reached skill level 1 in Polearms
  1517 | D:3      | Reached skill level 1 in Stealth
  1517 | D:3      | Reached XP level 5. HP: 29/42 MP: 4/6
  1783 | D:4      | XOM: divination: detect items
  1838 | D:4      | XOM: cloud trail
  2026 | D:4      | Noticed a black bear
  2036 | D:4      | Killed a black bear
  2037 | D:4      | Reached skill level 4 in Fighting
  2037 | D:4      | Reached skill level 1 in Spellcasting
  2037 | D:4      | Reached XP level 6. HP: 21/48 MP: 7/7
  2038 | D:4      | XOM: silly message
  2041 | D:4      | Succumbed to a scorpion's poison

Illustrated notes

Levels and vault maps discovered:
D:1:      giann_horns, layout_loops_ring
D:2:      layout_rooms, hellmonk_ecumenical_altar_heavens_door
D:3:      layout_basic, minmay_gold_behind_fungi
D:4:      layout_rooms

Skill      XL: |  1  2  3  4  5 |
---------------+----------------+-----
Dodging        | 1 2 |  2.2
Evocations     | 1 |  1.8
Armour         | 2 |  2.7
Polearms       | 1 |  1.7
Stealth        | 1 |  1.2
Fighting       | 4 |  4.0
Spellcasting   | 1 |  1.0
Axes           | |  3.8

Action                     |  1- 3 |  4- 6 || total
---------------------------+-------+-------++-------
  Melee: Hand axe          |    88 |    57 ||   145
         Dagger            |    42 |       ||    42
         Short sword       |    15 |       ||    15
         Whip              |    30 |    57 ||    87
    Use: Scroll            |     3 |     2 ||     5
   Stab: Sleeping          |     1 |     1 ||     2
         Distracted        |     1 |       ||     1
 Armour: Leather armour    |    31 |       ||    31
         Robe              |    12 |    54 ||    66
  Dodge: Dodged            |    70 |    30 ||   100

Table legend: (Time is in decaauts)
 A = Elapsed time spent in this place.
 B = Non-inter-level travel time spent in this place.
 C = Inter-level travel time spent in this place.
 D = Time resting spent in this place.
 E = Time spent auto-exploring this place.
 F = Levels seen in this place.
 G = Mean time per level.
                   A        B        C        D        E       F      G
               +--------+--------+--------+--------+--------+-----+--------+
         Total |   2052 |   1915 |    137 |      0 |   1431 |   4 |  513.0 |
       Dungeon |   2052 |   1915 |    137 |      0 |   1431 |   4 |  513.0 |
               +--------+--------+--------+--------+--------+-----+--------+

Top non-repeatable levels by time:
     D:1: 854 daAuts
     D:3: 441 daAuts
     D:4: 385 daAuts
     D:2: 371 daAuts
